 Dungeon Crawl Stone Soup version 0.21-a0-404-g291f19a (webtiles) character file.

182 wisey the Cudgeler (level 5, -3/70 HPs)
             Began as a Minotaur Berserker on Oct 29, 2017.
             Was a Believer of Trog.
             Slain by an orc priest
             ... wielding a +0 trident
              (8 damage)
             ... on level 3 of the Dungeon.
             The game lasted 00:04:50 (1751 turns).

wisey the Cudgeler (Minotaur Berserker)             Turns: 1751, Time: 00:04:50

Health: -3/70      AC:  3    Str: 26    XL:     5   Next: 35%
Magic:  4/4        EV: 12    Int:  4    God:    Trog [**....]
Gold:   59         SH:  0    Dex: 11    Spells: 4/4 levels left

rFire    . . .     SeeInvis .   a - +0 mace
rCold    . . .     Gourm    .   (no shield)
rNeg     . . .     Faith    .   k - +0 leather armour
rPois    .         Spirit   .   (helmet restricted)
rElec    .         Reflect  .   (no cloak)
rCorr    .         Harm     .   (no gloves)
MR       ++...                  (no boots)
Stlth    ..........             r - amulet of inaccuracy (curse)
HPRegen  1.21/turn              (no ring)
MPRegen  0.09/turn              (no ring)

@: berserking, regenerating, very quick
A: retaliatory headbutt, horns 2
a: Berserk, Trog's Hand, Burn Spellbooks, Renounce Religion


You were on level 3 of the Dungeon.
You worshipped Trog.
Trog was pleased with you.
You were hungry.

You visited 1 branch of the dungeon, and saw 3 of its levels.

You collected 59 gold pieces.

Inventory:

Hand Weapons
 a - a +0 mace (weapon)
Armour
 b - a +0 animal skin
 k - a +0 leather armour (worn)
Jewellery
 r - a cursed amulet of inaccuracy (around neck)
Scrolls
 e - 2 scrolls of teleportation {unknown}
 h - a scroll of enchant armour {unknown}
 i - 2 scrolls of fog {unknown}
 n - 4 scrolls of identify {unknown}
 p - a scroll of amnesia {unknown}
Potions
 d - a potion of haste {unknown}
 f - a potion of cancellation {unknown}
 g - a potion of lignification {unknown}
 j - 2 potions of heal wounds {unknown}
 m - 2 potions of agility {unknown}
 q - a potion of curing {unknown}
Comestibles
 c - a bread ration
 l - 2 meat rations
 o - a royal jelly
 s - a chunk of flesh


   Skills:
 + Level 4.9 Fighting
 + Level 5.8 Maces & Flails
 + Level 3.2 Armour
 + Level 2.8 Dodging


You had 4 spell levels left.
You didn't know any spells.

Dungeon Overview and Level Annotations

Branches:
Dungeon (3/15)

Altars:
Dithmenos


Innate Abilities, Weirdness & Mutations

You reflexively headbutt those who attack you in melee.
You have a pair of horns on your head.


Message History

You feel resistant to hostile enchantments.
You feel somewhat more hungry.
The orc priest hits you but does no damage.
The orc closely misses you. You furiously retaliate!
You headbutt the orc.
A red film seems to cover your vision as you go berserk!
You feel yourself moving faster!
You feel mighty!
You are feeling hungry.
The orc priest misses you. The orc hits you with a whip.
* * * LOW HITPOINT WARNING * * *
You closely miss the orc.
The orc is heavily wounded.
The orc priest closely misses you.
You barely miss the orc.
The orc is heavily wounded.
The orc hits you but does no damage.
You hit the orc. You headbutt the orc.
You kill the orc!
Trog accepts your kill.
The orc priest hits you from afar with a trident!
You die...

##... ####...# #..
... #.# ..o #.# #o#
#.# #)#
##.####.###.######
#.......)o)........
..####@######.###.
+# #. #.# # ..
#..## #.# ###
#....##.# ... ####
#...# ### .....
#.### .....###.#
#...## ##..#


You could see an orc priest.

Vanquished Creatures
  An ogre (D:3)
  3 adders (D:2)
  4 oozes
  A dart slug (D:1)
  2 leopard geckos (D:1)
  4 orcs (D:3)
  3 ball pythons
  4 bats
  3 giant cockroaches
  6 goblins
  4 hobgoblins
  2 jackals (D:2)
  2 frilled lizards
  4 kobolds
  6 rats
49 creatures vanquished.

Notes
Turn   | Place    | Note
-------+----------+-------------------------------------------
     0 | D:1      | wisey the Minotaur Berserker began the quest for the Orb.
     0 | D:1      | Reached XP level 1. HP: 19/19 MP: 0/0
    70 | D:1      | Reached skill level 4 in Maces & Flails
    70 | D:1      | Reached XP level 2. HP: 21/27 MP: 1/1
   439 | D:1      | Reached XP level 3. HP: 33/33 MP: 2/2
   818 | D:2      | Found a shadowy altar of Dithmenos.
  1109 | D:2      | Reached ** piety under Trog
  1109 | D:2      | Reached XP level 4. HP: 36/41 MP: 3/3
  1346 | D:2      | Reached skill level 5 in Maces & Flails
  1555 | D:3      | Noticed an ogre
  1563 | D:3      | Killed an ogre
  1563 | D:3      | Reached XP level 5. HP: 15/47 MP: 4/4
  1746 | D:3      | HP: 2/47 [orc/whip (4)]
  1751 | D:3      | Slain by an orc priest

Vault maps used:
D:1:      nicolae_arrival_washed_ashore
D:2:      grunt_dithmenos_smoke
D:3:      gammafunk_steamed_eel, lemuel_doored_altar, kennysheep_generic_room_15

Skill      XL: |  1  2  3  4 |
---------------+-------------+-----
Maces & Flails | 4 5 |  5.8
Fighting       | 4 |  4.9
Armour         | 3 |  3.2
Dodging        | |  2.8

Action                   |  1- 3 |  4- 6 || total
-------------------------+-------+-------++-------
Melee: Mace              |    63 |    56 ||   119
       Headbutt          |    13 |     8 ||    21
Invok: Berserk           |       |     1 ||     1
       Trog's Hand       |       |     1 ||     1
 Stab: Sleeping          |     2 |       ||     2
  Eat: Chunk             |     1 |     2 ||     3
Armor: Animal skin       |     1 |       ||     1
       Leather armour    |    12 |    14 ||    26
Dodge: Dodged            |    18 |    36 ||    54
Block: Large shield      |    44 |       ||    44

Table legend:
 A = Spawn XP
 B = Non-spawn XP
 C = Spawn XP percentage of total XP
 D = Spawn monster count
 E = Non-spawn monster count
 F = Spawn count percentage of total count
 G = Total turns spent on level
                    A         B        C        D         E        F      G
               +---------+---------+-------+---------+---------+-------+---------
         Total |       0 |     261 |   0.0 |       0 |      49 |   0.0 |  1751
               +---------+---------+-------+---------+---------+-------+---------
           D:1 |       0 |      41 |   0.0 |       0 |      15 |   0.0 |   651
           D:2 |       0 |      77 |   0.0 |       0 |      19 |   0.0 |   904
           D:3 |       0 |     143 |   0.0 |       0 |      15 |   0.0 |   196
               +---------+---------+-------+---------+---------+-------+---------
